 Dungeon Crawl Stone Soup version 0.26.0-10-g1f06aea511 (webtiles) character file.

Game seed: 4155223370126270020

413 MisterFreud the Conjurer (level 6, -7/41 HPs)
             Began as a Demonspawn Conjurer on Feb 1, 2021.
             Mangled by Pikel
             ... wielding a +1 whip of freezing
              (9 damage)
             ... on level 4 of the Dungeon.
             The game lasted 00:04:54 (4450 turns).

MisterFreud the Conjurer (Demonspawn Conjurer)      Turns: 4450, Time: 00:04:55

Health: -7/41      AC:  3    Str:  7    XL:     6   Next: 59%
Magic:  10/10      EV: 12    Int: 22    God:
Gold:   127        SH:  4    Dex: 11    Spells: 10/11 levels left

rFire    . . .     SeeInvis .   n - +2 dagger (venom)
rCold    . . .     Faith    .   o - +0 buckler
rNeg     . . .     Spirit   .   a - +0 robe
rPois    .         Reflect  .   x - +0 helmet
rElec    .         Harm     .   (no cloak)
rCorr    .         Rampage  .   (no gloves)
Will     .....                  (no boots)
Stlth    +.........             (no amulet)
HPRegen  0.13/turn              (no ring)
MPRegen  0.12/turn              (no ring)

@: no status effects
A: hooves 1, demonic guardian 1, powered by death 1
a: no special abilities


You were on level 4 of the Dungeon.
You visited 1 branch of the dungeon, and saw 5 of its levels.

You collected 127 gold pieces.

Inventory:

Hand Weapons
 n - a +2 dagger of venom (weapon)
Missiles
 c - 13 atropa-tipped darts
 r - 2 boomerangs
 s - 12 poisoned darts
Armour
 a - a +0 robe (worn)
 o - a +0 buckler (worn)
 x - a +0 helmet (worn)
Wands
 h - a wand of random effects (21)
Scrolls
 f - a scroll of enchant armour {unknown}
 l - a scroll of magic mapping {unknown}
 m - 2 scrolls of noise {unknown}
 q - a scroll of immolation {unknown}
 t - a scroll of teleportation {unknown}
 u - 2 scrolls of remove curse
 v - 2 scrolls of identify
 w - a scroll of fog {unknown}
Potions
 b - 2 potions of attraction
 d - 2 potions of brilliance
 e - 2 potions of lignification {unknown}
 g - 3 potions of curing {unknown}
 i - a potion of mutation {unknown}
 j - a potion of magic {unknown}
 k - a potion of haste {unknown}
 p - a potion of might {unknown}
 z - a potion of berserk rage {unknown}


   Skills:
 - Level 1.7 Dodging
 - Level 1.7 Stealth
 - Level 4.0 Shields
 + Level 3.0 Spellcasting
 - Level 6.0 Conjurations


You had 10 spell levels left.
You knew the following spells:

 Your Spells              Type           Power        Failure   Level
a - Magic Dart            Conj           100%         1%          1

Your spell library contained the following spells:

 Spells                   Type           Power        Failure   Level
 Searing Ray              Conj           58%          1%          2
 Shock                    Conj/Air       64%          3%          1
 Dazzling Flash           Conj/Hex       32%          11%         3
 Static Discharge         Conj/Air       16%          11%         3
 Swiftness                Air            3%           19%         2
 Fulminant Prism          Conj/Hex       8%           34%         4
 Iskenderun's Mystic Bla  Conj/Tloc      16%          34%         4
 Lightning Bolt           Conj/Air       8%           69%         5
 Airstrike                Air            1%           77%         4


Dungeon Overview and Level Annotations

Branches:
Dungeon (5/15)
 Temple: D:4-7

Altars:
Ashenzari
Makhleb
Okawaru
Xom
Zin

Annotations:
D:4 Pikel


Innate Abilities, Weirdness & Mutations

You have large cloven feet.
A weak demonic guardian rushes to your aid.
You regenerate a little health from kills.


Message History

Your white imp dies!
Pikel cracks his whip.
Pikel says, "Hell isn't that bad."
The lemure barely misses you.
You hit the lemure but do no damage.
The lemure looks as sick as possible!
The lemure is almost dead.
You barely miss Pikel. You kick Pikel.
Pikel is lightly wounded.
You kill the lemure!
That felt strangely unrewarding.
You closely miss Pikel.
Pikel is lightly wounded.
Pikel hits you with a +1 whip of freezing!
* * * LOW HITPOINT WARNING * * *
Pikel freezes you.
* * * LOW HITPOINT WARNING * * *
You barely miss Pikel.
Pikel is lightly wounded.
Pikel hits you with a +1 whip of freezing!
You die...

#.# ###.........#.###....# ####
..# #...........#......# #...
##### ##...##.#####.###..#####.##
....# #...##.# #.# #..#.....#
.##.# #...##.#####.# ####.######
.##.# #...##.#.....# #.......
.##.####...##<#.##### ########
.##.....#####.#.##### #...#
.######.# #.#.@K55# #.#.. .#
####.#####.#..##.# #.### .#
#....#.....#####.# #.... .#
#....#.###...(5#5# ####.
.######.#.#.....#>#.############.
.....#....#.#.#....5#..........#.
####.#....#.#.#..5..#....#####.#.
## #.#....#)#.#..#.##....# #.#.
.# #.###..#...#..#.......# #.#.


You could see Pikel and 2 lemures.

Vanquished Creatures
  A phantom (D:5)
  A lemure (D:4)
  A howler monkey (D:4)
  A jelly (D:5)
  3 iguanas
  3 adders
  A shadow imp (D:5)
  An adder skeleton (D:5)
  A dart slug (D:1)
  3 leopard geckos
  2 orcs (D:3)
  A giant cockroach (D:3)
  A hobgoblin (D:1)
  3 quokkas
  8 bats
  2 frilled lizards
  5 goblins
  4 kobolds
  A quokka skeleton (D:3)
  2 rats (D:1)
45 creatures vanquished.

Vanquished Creatures (collateral kills)
  Eustachio (D:5)
1 creature vanquished.

Grand Total: 46 creatures vanquished

Notes
Turn   | Place    | Note
-------+----------+-------------------------------------------
     0 | D:1      | MisterFreud the Demonspawn Conjurer began the quest for the
                  | Orb.
     0 | D:1      | Reached XP level 1. HP: 13/13 MP: 3/3
   284 | D:1      | Gained mutation: A weak demonic guardian rushes to your
                  | aid. [demonic ancestry]
   284 | D:1      | Reached XP level 2. HP: 19/19 MP: 1/5
   750 | D:2      | Found a broken altar of Ashenzari.
   769 | D:2      | Reached skill level 5 in Conjurations
   830 | D:2      | Found a shimmering altar of Xom.
   861 | D:2      | Found an iron altar of Okawaru.
   940 | D:2      | Reached XP level 3. HP: 24/24 MP: 4/6
   980 | D:2      | Found a burning altar of Makhleb.
   982 | D:2      | Found a glowing silver altar of Zin.
   982 | D:2      | Noticed an angel
   983 | D:2      | Noticed a green death
  2662 | D:4      | Gained mutation: You have large cloven feet. [demonic
                  | ancestry]
  2662 | D:4      | Reached XP level 4. HP: 30/30 MP: 5/7
  3012 | D:4      | Reached skill level 1 in Shields
  3196 | D:4      | Reached skill level 6 in Conjurations
  3196 | D:4      | Reached XP level 5. HP: 24/35 MP: 8/8
  3470 | D:5      | Entered Level 5 of the Dungeon
  3601 | D:5      | Noticed a phantom
  3616 | D:5      | HP: 1/35 [phantom (10)]
  3622 | D:5      | Killed a phantom
  3787 | D:5      | Gained mutation: You regenerate a little health from kills.
                  | [demonic ancestry]
  3787 | D:5      | Reached XP level 6. HP: 12/41 MP: 2/9
  4016 | D:5      | Noticed Eustachio
  4057 | D:5      | Killed Eustachio
  4418 | D:5      | Noticed Pikel
  4449 | D:4      | HP: 2/41 [Pikel/+1 whip of freezing (5)]
  4450 | D:4      | Mangled by Pikel

Illustrated notes

Levels and vault maps discovered:
D:1:      lightli_arrival_statuegarden, layout_rooms, minivault_11
D:2:      layout_basic, grunt_temple_overflow_order_and_chaos_2,
          evilmike_ruin_ashenzari, okawaru_gym_becter, xom_butterflies
D:3:      layout_loops_corners
D:4:      layout_basic, kennysheep_generic_room_6
D:5:      layout_rooms, uniq_crazy_yiuf_cottage, uniq_eustachio, uniq_pikel,
          uniq_duvessa

Skill      XL: |  1  2  3  4  5  6 |
---------------+-------------------+-----
Conjurations   | 5 6 |  6.0
Shields        | 1 3 4 |  4.0
Spellcasting   | 3 |  3.0
Dodging        | |  1.7
Stealth        | |  1.7

Action                   |  1- 3 |  4- 6 || total
-------------------------+-------+-------++-------
Melee: Dagger            |     9 |    63 ||    72
       Kick              |       |    13 ||    13
 Cast: Magic Dart        |    72 |    22 ||    94
  Use: Scroll            |     4 |       ||     4
 Stab: Sleeping          |       |     1 ||     1
       Distracted        |       |     1 ||     1
Armor: Robe              |     2 |     9 ||    11
Dodge: Dodged            |    10 |    54 ||    64
Block: Buckler           |       |    11 ||    11
